 Dungeon Crawl Stone Soup version 0.29.1-13-g9f3cf754e1 (webtiles) character file.

Game seed: 6105204390915654542

30 Exodus22XD the Trooper (level 3, 26/33 HPs)
             Began as a Minotaur Fighter on Feb 4, 2023.
             Was a Believer of Lugonu.
             Quit the game on level 2 of the Dungeon.
             The game lasted 00:01:16 (945 turns).

Exodus22XD the Trooper (Minotaur Fighter)            Turns: 945, Time: 00:01:17

Health: 26/33      AC:  8    Str: 22    XL:     3   Next: 3%
Magic:  2/2        EV:  9    Int:  5    God:    Lugonu [**....]
Gold:   53         SH:  4    Dex:  9    Spells: 2/2 levels left

rFire   . . .      SeeInvis .   a - +0 war axe
rCold   . . .      Faith    .   c - +0 buckler
rNeg    . . .      Spirit   .   b - +0 scale mail
rPois   .          Reflect  .   (helmet restricted)
rElec   .          Harm     .   (no cloak)
rCorr   .          Rampage  .   f - +0 pair of gloves
Will    .....                   (no boots)
Stlth   ..........              (no amulet)
HPRegen 0.11/turn               (no ring)
MPRegen 0.08/turn               (no ring)

@: no status effects
A: horns 2, retaliatory headbutt
a: Renounce Religion, Depart the Abyss, Bend Space


You were on level 2 of the Dungeon.
You worshipped Lugonu.
Lugonu was pleased with you.
You visited 1 branch of the dungeon, and saw 2 of its levels.

You collected 53 gold pieces.

Inventory:

Hand Weapons
 a - a +0 war axe (weapon)
Missiles
 l - 5 javelins (quivered)
Armour
 b - a +0 scale mail (worn)
 c - a +0 buckler (worn)
 f - a +0 pair of gloves (worn)
Scrolls
 h - a scroll of enchant weapon {unknown}
 i - 2 scrolls of identify {unknown}
 j - a scroll of magic mapping {unknown}
 k - a scroll of poison {unknown}
Potions
 d - a potion of might
 e - a potion of magic {unknown}
 g - a potion of flight {unknown}


   Skills:
 + Level 4.1 Fighting
 + Level 2.8 Axes
 + Level 4.1 Armour
 + Level 4.0 Shields


You had 2 spell levels left.
You didn't know any spells.
Your spell library was empty.

Dungeon Overview and Level Annotations

Branches:
Dungeon (2/15)

Altars:
Lugonu

Shops:
D:1 [


Innate Abilities, Weirdness & Mutations

You have a pair of horns on your head.
You reflexively headbutt those who attack you in melee.


Message History

You see here a scroll labelled KUXKUCLAORO.
Found a faded altar of an unknown god.
A worm comes into view.
A giant cockroach comes into view.
There are monsters nearby!
The goblin hits you but does no damage.
There are monsters nearby!
You slash the goblin!
You kill the goblin!
Your Shields skill increases to level 4!
There are monsters nearby!
The worm barely misses you.
Things that are here:
a +0 dagger; a goblin corpse
There are monsters nearby!
You slash the worm!
The worm is heavily wounded.
The worm bites you!
You slash the worm!
You kill the worm!
The giant cockroach barely misses you. You furiously retaliate!
You headbutt the giant cockroach!
You kill the giant cockroach!
You have reached level 3!
Your experience leads to an increase in your attributes!
Increase (S)trength, (I)ntelligence, or (D)exterity?
You feel stronger. x2
You see here a giant cockroach corpse.
You enter the shallow water.
Moving in this stuff is going to be slow.
Why would you want to do that?
You enter the shallow water.
Moving in this stuff is going to be slow.
Why would you want to do that?
Found a leather armour.
There is a faded altar of an unknown god here.
You cannot tell which god this altar belongs to.
Convert to them anyway?
Lugonu accepts your prayer! Lugonu welcomes you!
You can now depart the Abyss.
You can now bend space around yourself.
Are you sure you want to abandon this character and quit the game? (Confirm with "yes".)

#.......##
#..≈≈§§≈.#####
##.≈.....≈....
#..~.....~≈.## ..
[≈~.~...~~.≈.## #.#
≈..~.~~~.~..≈.#...
≈...~.≈≈~~~~≈.#.#
≈....≈.@≈.......#+##
§...~.≈≈~~~~≈.##...##
≈..~.~~~.~.†≈.#...<.##
.≈~.~...~~.§)#.......##
#..~.....~≈.#.........#
##.≈.....≈..+.........+
##.≈≈≈≈≈.###...?.....#
##.....## ##.......##
####.## ##.....##


There were no monsters in sight!

Vanquished Creatures
  A worm (D:2)
  A dart slug (D:1)
  A ball python (D:1)
  3 endoplasms (D:1)
  4 goblins
  4 hobgoblins (D:1)
  2 quokkas (D:1)
  2 frilled lizards (D:1)
  A giant cockroach (D:2)
  A kobold (D:1)
  2 rats (D:1)
22 creatures vanquished.

Notes
Turn   | Place    | Note
-------+----------+-------------------------------------------
     0 | D:1      | Exodus22XD the Minotaur Fighter began the quest for the
                  | Orb.
     0 | D:1      | Reached XP level 1. HP: 19/19 MP: 0/0
   158 | D:1      | Reached XP level 2. HP: 27/27 MP: 1/1
   596 | D:1      | Found Veblahus's Armour Shop.
   932 | D:2      | Found a faded altar of an unknown god.
   938 | D:2      | Reached XP level 3. HP: 25/33 MP: 2/2
   944 | D:2      | Prayed at the altar of an unknown god.
   944 | D:2      | Became a worshipper of Lugonu the Unformed
   944 | D:2      | Reached * piety under Lugonu
   944 | D:2      | Reached ** piety under Lugonu
   945 | D:2      | Quit the game

Illustrated notes

Levels and vault maps discovered:
D:1:      dpeg_arrival_rooms_with_view, layout_basic, serial_shops,
          nicolae_square_shop, serial_park_tiny_2
D:2:      layout_loops_corners, shapermc_ecumenical_altar_starsandcircs,
          minmay_pentomino_r2

Skill      XL: |  1  2 |
---------------+-------+-----
Fighting       | 4 |  4.1
Armour         | 4 |  4.1
Shields        | 4 |  4.0
Axes           | |  2.8

Action                   || total
-------------------------++-------
Melee: War axe           ||    34
       Headbutt          ||     3
Armor: Scale mail        ||    12
Dodge: Dodged            ||    18
Block: Buckler           ||     7
